Unix NetHack Version 5.0.0-0 post-release - last build May  4 2026 22:22:43 (774f63e81ad911689b3a0859ea89b322d5daca8d,branch:main).

Game began 2026-05-09 08:17:30, ended 2026-05-09 08:34:40.

31245981910, lawful female human Samurai

 -------
 |....>|           -----------          --------       -------
 |.....|          #..........|          |......|       |......#
 |.{...|          #|.........|  ##`#####........#######......|#
 ---.-.-          #|..........###       |......|#      |.....|#
    # #           #|.........|##      ##.....{.|#      -.-----#
    # #           #|.........|#       # --------#       #     )
    # #           #-----------#       #         #   #####     ##
    # #           #         ###      ##         # ###          #
    # #           #         ##       #         ## #            ##
    # #           #    #######     ###         #--.----------   #
   -.-.-    ----- #   ##    ##     #           #|...........|   ##
   |....#   |...|##  dM     #------#           #|...........|    #
   |...|####....-#  e@      #|.....#           #-...........|    #
   |..<|    |.|.|   #       #|....|             |...........|    ###----------
   |...|    |....           #.....|             -------------      #-........|
   -----    -----            ------                                 |........|
                                                                    |.....>..|
                                                                    ----------

31245981910 the Ronin  St:18 Dx:13 Co:18 In:10 Wi:9 Ch:7  Lawful
Dlvl:4  $:64 HP:0(42) Pw:14(14) AC:10 Xp:4 T:1392 

Latest messages:
 The wood nymph vanishes!
 You see here 13 gold pieces.
 $ - 13 gold pieces (64 in total).
 You hear some noises in the distance.
 The grid bug bites!
 You get zapped!
 You kill the grid bug!
 The wood nymph appears close by!
 You hit the wood nymph!
 The wood nymph stole a leather armor.
 The wood nymph vanishes!
 You hit the shrieker!
 You kill the shrieker!
 You see here a shrieker corpse.
 There is a shrieker corpse here; eat it? [ynq] (n) y
 This shrieker corpse tastes okay.
 You finish eating the shrieker corpse.
 You swap places with Hachi.
 You stop.  Hachi is in the way!
 You swap places with Hachi.
 You hear water falling on coins.
 You swap places with Hachi.
 You swap places with Hachi.
 You miss the floating eye.
 You are frozen by the floating eye's gaze!
 Hachi bites the floating eye.
 Hachi is frozen by the floating eye's gaze!
 The kobold mummy hits!
 The kobold mummy hits!
 The kobold mummy hits!
 The kobold mummy hits!
 The kobold mummy hits!
 The kobold mummy hits!
 The kobold mummy hits!
 The kobold mummy hits!
 The kobold mummy hits!
 The kobold mummy hits!
 The kobold mummy hits!
 The kobold mummy hits!
 The kobold mummy hits!
 The kobold mummy hits!
 The kobold mummy hits!
 The kobold mummy hits!
 The kobold mummy hits!
 You die...
 Do you want your possessions identified? [ynq] (y) y
 Do you want to see your attributes? [ynq] (y) y
 Do you want an account of creatures vanquished? [ynaq] (y) y
 Do you want to see your conduct and achievements? [ynq] (y) y
 Do you want to see the dungeon overview? [ynq] (y) y

Inventory:
 Coins    ('$')
  $ - 64 gold pieces
 Scrolls  ('?')
  i - an uncursed scroll of blank paper

31245981910 the Samurai's attributes:

Background:
 You were a Ronin, a level 4 female human Samurai.
 You were lawful, nominally on a mission for Amaterasu Omikami
 who was opposed by Raijin (neutral) and Susanowo (chaotic).
 You were left-handed.
 You were in the Dungeons of Doom, on level 4.
 You entered the dungeon 1392 turns ago.
 You had 104 experience points, 56 more were needed to attain level 5.

Basics:
 You had 0 out of 42 hit points.
 You had all 14 energy points (spell power).
 Your armor class was 10.
 Your wallet contained 64 zorkmids.
 Autopickup was off.

Final Characteristics:
 Your strength was 18 (limit:18/100).
 Your dexterity was 13 (limit:18).
 Your constitution was 18 (limit:18).
 Your intelligence was 10 (limit:18).
 Your wisdom was 9 (limit:18).
 Your charisma was 7 (limit:18).

Final Status:
 You weren't hungry.
 You were unencumbered.
 You were bare handed.
 You had basic skill with martial arts.
 You weren't wearing any armor.

Final Attributes:
 You were devoutly aligned.
 You were fast.
 You are dead.

Miscellaneous:
 You didn't encounter any bones levels.
 Total elapsed playing time was 17 minutes and 9 seconds.

Major events:
 Turn
    1: 31245981910 the lawful female human Samurai entered the dungeon
  505: attained the rank of Ronin (level 3)
 1392: killed by a kobold mummy, while frozen by a floating eye's gaze

You didn't know any spells.

Skills:
 Fighting Skills
   martial arts      [Basic]
   two weapon combat [Unskilled]
   riding            [Unskilled]
 Weapon Skills
   dagger            [Unskilled]
   knife             [Unskilled]
   short sword       [Basic]
   broadsword        [Unskilled]
   long sword        [Basic]
   two-handed sword  [Unskilled]
   saber             [Unskilled]
   flail             [Unskilled]
   quarterstaff      [Unskilled]
   polearms          [Unskilled]
   spear             [Unskilled]
   lance             [Unskilled]
   bow               [Basic]
   shuriken          [Unskilled]
 Spellcasting Skills
   attack spells     [Unskilled]
   divination spells [Unskilled]
   clerical spells   [Unskilled]

Voluntary challenges:
 Character rerolling was not enabled.
 You were an atheist.
 You were illiterate.
 You never genocided any monsters.
 You never polymorphed an object.
 You never changed form.
 You used no wishes.
Achievements:
 You attained the rank of Ronin.
 You entered a shop.

 The Dungeons of Doom: levels 1 to 4
    Level 1:
       A fountain.
    Level 2:
       A sink.
    Level 3:
       A scroll shop, some fountains, many trees.
    Level 4: <- You were here.
       A fountain, a sink, a grave.
       Final resting place for
          you, killed by a kobold mummy, while frozen by a floating eye's gaze.


Vanquished creatures:
  a shrieker
  a little dog
  a floating eye
  a dwarf zombie
  2 iguanas
  a large kobold
  a hobgoblin
  2 brown molds
  3 jackals
  2 foxes
  2 kobolds
  4 goblins
  2 sewer rats
  5 grid bugs
  2 lichens
  4 newts
34 creatures vanquished.

No species were genocided or became extinct.

Game over:
                       ----------
                      /          \
                     /    REST    \
                    /      IN      \
                   /     PEACE      \
                  /                  \
                  |   31245981910    |
                  |      64 Au       |
                  |   killed by a    |
                  |   kobold mummy   |
                  |                  |
                  |                  |
                  |       2026       |
                 *|     *  *  *      | *
        _________)/\\_//(\/(/\)/\//\/|_)_______

Sayonara 31245981910 the Samurai...

You died in The Dungeons of Doom on dungeon level 4 with 624 points,
and 64 pieces of gold, after 1392 moves.
You were level 4 with a maximum of 42 hit points when you died.

